 Dungeon Crawl Stone Soup version 0.25-a0-251-g572059c536 (webtiles) character file.

Game seed: 4411491622157765151, levelgen mode: deterministic

151 floatRand the Chopper (level 5, -8/39 HPs)
             Began as a Demonspawn Gladiator on Dec 4, 2019.
             Killed from afar by an orc wizard (12 damage)
             ... with a puff of flame
             ... on level 3 of the Dungeon.
             The game lasted 00:02:57 (1878 turns).

floatRand the Chopper (Demonspawn Gladiator)        Turns: 1878, Time: 00:02:59

Health: -8/39      AC: 11    Str: 15    XL:     5   Next: 11%
Magic:  5/5        EV:  5    Int: 15    God:
Gold:   90         SH:  0    Dex: 18    Spells: 4/4 levels left

rFire    . . .     SeeInvis .   a - +0 war axe
rCold    . . .     Gourm    .   (no shield)
rNeg     . . .     Faith    .   n - +0 plate armour
rPois    .         Spirit   .   c - +0 helmet
rElec    .         Reflect  .   g - scarf {repulsion}
rCorr    .         Harm     .   (no gloves)
MR       .....                  (no boots)
Stlth    ..........             (no amulet)
HPRegen  0.13/turn              (no ring)
MPRegen  0.09/turn              (no ring)

@: brilliant, repel missiles
A: thin skeletal structure 2
a: no special abilities


You were on level 3 of the Dungeon.
You were not hungry.

You visited 1 branch of the dungeon, and saw 3 of its levels.

You collected 90 gold pieces.

Inventory:

Hand Weapons
 a - a +0 war axe (weapon)
Missiles
 d - 3 throwing nets (quivered)
Armour
 b - a +0 leather armour
 c - a +0 helmet (worn)
 g - a scarf of repulsion (worn)
 n - a +0 plate armour (worn)
Scrolls
 i - 3 scrolls of identify {unknown}
 j - 2 scrolls of teleportation {unknown}
 k - a scroll of fear {unknown}
Potions
 h - a potion of magic
 o - a potion of degeneration {unknown}
Comestibles
 f - 4 rations
 p - 2 chunks of flesh


   Skills:
 - Level 2.4 Fighting
 * Level 4.5 Axes
 + Level 1.9 Throwing
 + Level 1.1 Armour
 - Level 3.0 Dodging
 - Level 0.7 Stealth


You had 4 spell levels left.
You didn't know any spells.
Your spell library was empty.

Dungeon Overview and Level Annotations

Branches:
Dungeon (3/15)

Altars:
Zin


Innate Abilities, Weirdness & Mutations

You have a moderately thin skeletal structure. (Dex +4, Stealth+)


Message History

The orc wizard gestures wildly while chanting.
The orc wizard flickers and vanishes!
Deactivating autopickup; reactivate with Ctrl-A.
Unknown command.
Something hits you but does no damage.
Unknown command.
Something hits you but does no damage.
Unknown command.
Unknown command.
Something hits you but does no damage.
You feel less confused.
Unknown command.
Something hits you but does no damage.
There is an open door here.
Something is blocking the doorway!
Something hits you but does no damage.
You miss something.
You hear some strange, mumbled words.
A puff of flame appears from out of thin air!
The puff of flame hits you!
You die...

#...........#
#...........#
#...........#
#...........#
####.###...........#
........)..........#
####.########'######
#....<#{# #.#####@#
#.# #.# #.#####.#
#.......# #########


There were no monsters in sight!

Vanquished Creatures
  An orc priest (D:3)
  A worker ant (D:3)
  A gnoll (D:1)
  3 adders (D:2)
  An ooze (D:2)
  A worm (D:2)
  2 dart slugs (D:1)
  A leopard gecko (D:2)
  3 orcs (D:3)
  A giant cockroach (D:1)
  4 goblins
  4 hobgoblins
  4 kobolds
  A quokka (D:2)
  10 bats
  6 frilled lizards
  9 rats
53 creatures vanquished.

Notes
Turn   | Place    | Note
-------+----------+-------------------------------------------
     0 | D:1      | floatRand the Demonspawn Gladiator began the quest for the
                  | Orb.
     0 | D:1      | Reached XP level 1. HP: 16/16 MP: 1/1
   248 | D:1      | Reached skill level 3 in Axes
   248 | D:1      | Gained mutation: You have a somewhat thin skeletal
                  | structure. (Dex +2, Stealth) [demonic ancestry]
   248 | D:1      | Reached XP level 2. HP: 22/22 MP: 2/2
   558 | D:1      | Reached XP level 3. HP: 21/27 MP: 3/3
   951 | D:2      | HP: 1/28 [leopard gecko (3)]
  1531 | D:2      | Reached XP level 4. HP: 31/34 MP: 4/4
  1755 | D:2      | Found a glowing silver altar of Zin.
  1806 | D:3      | Reached skill level 4 in Axes
  1806 | D:3      | Reached skill level 1 in Armour
  1843 | D:3      | Gained mutation: You have a moderately thin skeletal
                  | structure. (Dex +4, Stealth+) [demonic ancestry]
  1843 | D:3      | Reached XP level 5. HP: 20/39 MP: 5/5
  1878 | D:3      | Killed from afar by an orc wizard

Levels and vault maps discovered:
D:1:      minmay_arrival_arboretum_small, layout_loops_corners
D:2:      layout_basic, zin_scriptorium, first_ration
D:3:      layout_basic, minmay_increasing_density

Skill      XL: |  1  2  3  4 |
---------------+-------------+-----
Axes           | 3 4 |  4.5
Dodging        | 3 |  3.0
Armour         | 1 |  1.1
Fighting       | |  2.4
Throwing       | |  1.9
Stealth        | |  0.7

Action                   |  1- 3 |  4- 6 || total
-------------------------+-------+-------++-------
Melee: War axe           |   117 |    37 ||   154
  Use: Potion            |     1 |     4 ||     5
 Stab: Sleeping          |     7 |       ||     7
  Eat: Chunk             |     2 |     1 ||     3
Armor: Leather armour    |    23 |       ||    23
       Plate armour      |    25 |    45 ||    70
Dodge: Dodged            |    75 |    17 ||    92
       Deflected         |     1 |       ||     1

Table legend:
 A = Non-vault XP
 B = Vault XP
 C = Vault XP percentage of total XP
 D = Non-vault monster count
 E = Vault monster count
 F = Vault count percentage of total count
                 A         B        C        D         E       F
            +---------+---------+-------+---------+---------+-------
      Total |     217 |       0 |   0.0 |      53 |       0 |   0.0
            +---------+---------+-------+---------+---------+-------
        D:1 |      56 |       0 |   0.0 |      27 |       0 |   0.0
        D:2 |      76 |       0 |   0.0 |      21 |       0 |   0.0
        D:3 |      85 |       0 |   0.0 |       5 |       0 |   0.0
            +---------+---------+-------+---------+---------+-------
